 Dungeon Crawl Stone Soup version 0.27.1-3-gb3d3a73c9e (webtiles) character file.

Game seed: 16457723023576912378

44 H0rd4k the Charlatan (level 3, -1/26 HPs)
             Began as a Human Artificer on Oct 18, 2021.
             Slain by Sigmund (11 damage)
             ... on level 3 of the Dungeon.
             The game lasted 00:03:05 (2436 turns).

H0rd4k the Charlatan (Human Artificer)              Turns: 2436, Time: 00:03:06

Health: -1/26      AC:  5    Str: 13    XL:     3   Next: 85%
Magic:  3/3        EV: 11    Int: 17    God:
Gold:   153        SH:  0    Dex: 13    Spells: 2/2 levels left

rFire    . . .     SeeInvis .   j - +0 dagger
rCold    . . .     Faith    .   (no shield)
rNeg     . . .     Spirit   .   b - +0 leather armour
rPois    .         Reflect  .   m - +2 hat
rElec    .         Harm     .   (no cloak)
rCorr    .         Rampage  .   (no gloves)
Will     .....                  (no boots)
Stlth    +.........             (no amulet)
HPRegen  0.08/turn              n - +6 ring of intelligence
MPRegen  0.08/turn              (no ring)

@: no status effects
A: no striking features
a: no special abilities


You were on level 3 of the Dungeon.
You visited 1 branch of the dungeon, and saw 3 of its levels.

You collected 153 gold pieces.

Inventory:

Hand Weapons
 a - a +0 club
 j - a +0 dagger (weapon)
Armour
 b - a +0 leather armour (worn)
 m - a +2 hat (worn)
Jewellery
 f - a +6 ring of intelligence
 i - a ring of fire
 n - a +6 ring of intelligence (left hand)
Wands
 c - a wand of flame (15) (quivered)
 d - a wand of charming (15)
Scrolls
 g - 2 scrolls of teleportation {unknown}
 h - a scroll of torment {unknown}
 o - a scroll of summoning {unknown}
 p - a scroll of acquirement {unknown}
 q - a scroll of enchant armour {unknown}
 r - a scroll of holy word {unknown}
 s - a scroll of fear {unknown}
Potions
 k - 2 potions of mutation {unknown}
 l - a potion of might {unknown}
Miscellaneous
 e - a piece from Xom's chessboard (15/15)


   Skills:
 + Level 1.4 Fighting
 + Level 0.7 Short Blades
 - Level 2.0 Armour
 + Level 1.9 Dodging
 - Level 1.0 Stealth
 + Level 3.8 Evocations


You had 2 spell levels left.
You didn't know any spells.
Your spell library contained the following spells:

 Spells                   Type           Power      Damage    Failure   Level
 Sandblast                Erth           0%         2d4       30%         1
 Call Canine Familiar     Summ           0%         N/A       65%         3
 Portal Projectile        Hex/Tloc       0%         N/A       65%         3
 Leda's Liquefaction      Hex/Erth       0%         N/A       96%         4


Dungeon Overview and Level Annotations

Branches:
Dungeon (3/15)

Altars:
Cheibriados

Shops:
D:1 :

Annotations:
D:3 Sigmund


Message History

The jackal bites you.
The jackal bites you but does no damage.
You barely miss the jackal.
The jackal is moderately wounded.
The jackal bites you but does no damage.
You closely miss the jackal.
The jackal is moderately wounded.
The jackal closely misses you. The jackal barely misses you.
You barely miss the jackal.
The jackal is moderately wounded.
The jackal barely misses you.
You closely miss the jackal.
The jackal is moderately wounded.
Sigmund the Dreaded comes into view.
He is wielding a +0 scythe.
The jackal closely misses you.
Sigmund shouts!
You hit the jackal but do no damage.
The jackal is moderately wounded.
The jackal bites you. The jackal misses you.
You hit the jackal but do no damage.
The jackal is moderately wounded.
The jackal barely misses you.
You closely miss the jackal.
The jackal is moderately wounded.
The jackal bites you. Sigmund barely misses you.
You hit the jackal but do no damage.
The jackal bites you but does no damage.
Sigmund closely misses you. The jackal closely misses you.
You hit the jackal but do no damage.
The jackal bites you but does no damage.
You hit the jackal.
The jackal is almost dead.
The jackal bites you but does no damage.
Sigmund hits you from afar with a +0 scythe!
You closely miss the jackal.
The jackal is almost dead.
The jackal bites you but does no damage.
The jackal bites you.
Sigmund hits you from afar with a +0 scythe!
You die...

#............#####...#
##########.#.# ###.#
...#.# #.#
#####.#######.#
#.............#
#.###.######### #@#
#....# #.###h##.# #
#.@hhJ...##.#
#####.#.....#
#......## #.#h#......
###.#..#### #.# .# ..#
.. #.# ## ...


You could see Sigmund, an endoplasm and 3 jackals.

Vanquished Creatures
  2 bats
  5 endoplasms
  3 giant cockroaches (D:1)
  4 goblins
  2 hobgoblins (D:1)
  8 jackals
  A kobold (D:2)
  3 quokkas
  3 ball pythons
  2 frilled lizards (D:1)
  3 rats
36 creatures vanquished.

Vanquished Creatures (others)
  A fungus (D:1)
1 creature vanquished.

Grand Total: 37 creatures vanquished

Notes
Turn   | Place    | Note
-------+----------+-------------------------------------------
     0 | D:1      | H0rd4k the Human Artificer began the quest for the Orb.
     0 | D:1      | Reached XP level 1. HP: 15/15 MP: 1/1
    87 | D:1      | Found Yrpha's Book Emporium.
   500 | D:1      | Reached XP level 2. HP: 15/21 MP: 2/2
   997 | D:1      | Reached XP level 3. HP: 22/26 MP: 3/3
  1184 | D:1      | Found a faded altar of an unknown god.
  1203 | D:1      | Got Plato's Disquisition on the Mountains
  2012 | D:3      | Found a snail-covered altar of Cheibriados.
  2429 | D:3      | Noticed Sigmund
  2436 | D:3      | Slain by Sigmund

Illustrated notes

Levels and vault maps discovered:
D:1:      matt_arrival_refuge, layout_basic, serial_shops, shop,
          shapermc_ecumenical_altar_rom_forum, chequers_serial_rivers_micro_d
D:2:      layout_basic
D:3:      layout_basic, mainiacjoe_overflow_catwalk, uniq_sigmund

Action                   || total
-------------------------++-------
Melee: Club              ||    35
       Dagger            ||   165
 Stab: Sleeping          ||     2
Armor: Leather armour    ||    64
Dodge: Dodged            ||   106
